Map: Sequencer LE

Players

VortiX - Winner!

  • Race: Zerg Zerg
  • Spawn Location: 1:00

Gambeta

  • Race: Terran Terran
  • Spawn Location: 7:00

Event: WCS Valencia 2017

VOD

Have the link to the VOD?

Description

Time

  • Played on: July 13, 2017, 6:28 a.m.
  • Length: 14:58

All games in this series

Show
View Real Time Build Order
Export as new Build Order

VortiX Zerg - Winner!

Build Orders: Hatch First, Muta Ling Bane 

Get SALT Encoding   

  12  0:00  Drone  
  13  0:12  Overlord  
  13  0:17  Drone  
  14  0:30  Drone x2  
  14  0:34  Drone  
  17  0:52  Hatchery  
  16  0:59  Drone  
  16  1:00  Extractor  
  16  1:09  Spawning Pool  
  15  1:14  Drone  
  15  1:16  Drone  
  17  1:20  Drone  
  18  1:28  Drone  
  19  1:38  Overlord  
  19  1:56  Queen  
  19  1:57  Zergling x2  
  19  2:00  Zergling x2  
  23  2:01  Metabolic Boost  
  23  2:07  Queen  
  25  2:09  Drone  
  25  2:15  Drone  
  27  2:16  Drone  
  28  2:36  Hatchery  
  27  2:42  Queen  
  29  2:49  Queen  
  30  2:54  Overlord  
  30  2:59  Zergling x2  
  30  3:00  Zergling x2  
  30  3:03  Zergling x4  
  34  3:18  Queen, Zergling x4  
  38  3:22  Overlord  
  38  3:25  Drone  
  39  3:29  Drone x2  
  41  3:38  Zergling x4  
  41  3:39  Overlord  
  43  3:52  Zergling x2  
  43  3:53  Zergling x8  
  48  4:02  Overlord  
  48  4:03  Drone x3  
  51  4:10  Queen  
  51  4:16  Drone x3  
  55  4:38  Drone x5, Overlord  
  59  4:41  Zergling x2  
  59  4:42  Zergling x8  
  65  4:47  Queen  
  65  4:50  Zergling x4  
  69  5:00  Drone x2  
  69  5:01  Drone x4  
  69  5:05  Overlord  
  74  5:20  Overlord x2  
  74  5:24  Overlord  
  72  5:31  Evolution Chamber, Extractor  
  72  5:32  Evolution Chamber  
  72  5:34  Drone x2, Overlord  
  72  5:35  Drone x5  
  74  5:50  Drone x2, Overlord  
  74  5:51  Drone x4  
  80  5:57  Lair  
  80  5:58  Extractor  
  80  5:59  Overlord  
  77  6:15  Zerg Ground Armor Level 1, Zerg Melee Weapons Level 1  
  77  6:16  Drone x7  
  80  6:21  Extractor, Drone x3  
  80  6:24  Drone x2  
  80  6:25  Baneling Nest  
  83  6:33  Hatchery  
  82  6:40  Extractor x2  
  82  6:47  Drone x5  
  81  6:48  Drone  
  81  6:49  Drone x3  
  81  6:50  Drone x2  
  81  6:51  Drone  
  81  6:52  Drone  
  81  6:53  Drone  
  94  6:55  Overlord x2  
  94  6:59  Spire  
  93  7:04  Overlord x2  
  93  7:06  Zergling x6  
  93  7:07  Pneumatized Carapace  
  96  7:17  Centrifical Hooks  
  96  7:19  Zergling x12  
  96  7:20  Zergling x6  
  105  7:25  Baneling x6  
  105  7:26  Baneling x4  
  105  7:32  Extractor  
  105  7:37  Drone x3  
  107  7:45  Overseer  
  107  7:47  Drone x5  
  107  7:48  Drone x7  
  119  8:13  Mutalisk x8  
  119  8:17  Zergling x4  
  119  8:18  Zergling x8  
  140  8:42  Hatchery  
  140  8:45  Mutalisk x6  
  147  8:56  Infestation Pit  
  147  8:57  Mutalisk  
  147  8:59  Zergling x2  
  147  9:00  Zergling x30  
  163  9:11  Zergling x2  
  163  9:12  Zergling x8  
  163  9:14  Overlord  
  163  9:15  Overlord x3  
  168  9:18  Baneling  
  168  9:19  Baneling x10  
  168  9:23  Extractor  
  161  9:24  Extractor  
  161  9:26  Mutalisk x3  
  163  9:39  Drone x4  
  163  9:40  Drone x6  
  163  9:42  Zerg Melee Weapons Level 2  
  173  9:46  Zerg Ground Armor Level 2  
  173  9:50  Zergling x2  
  173  9:51  Zergling x14  
  181  9:58  Mutalisk x2  
  184  10:02  Zergling x8  
  184  10:03  Zergling x8  
  191  10:09  Hive  
  179  10:21  Mutalisk x3  
  179  10:23  Zergling x2  
  179  10:24  Zergling x16  
  194  10:35  Zergling x2  
  194  10:36  Zergling x10  
  194  10:38  Baneling x15  
  198  10:56  Overseer x4  
  198  11:19  Hatchery  
  191  11:34  Adrenal Glands  
  191  11:35  Zergling x2  
  191  11:36  Zergling x18, Ultralisk Cavern  
  196  11:50  Greater Spire  
  187  12:07  Zerg Ground Armor Level 3, Zerg Melee Weapons Level 3  
  187  12:26  Chitinous Plating  
  187  12:28  Ultralisk  
  187  12:29  Ultralisk x2  
  194  12:38  Ultralisk  
  186  13:01  Ultralisk x2  
  193  13:15  Ultralisk x2  
  193  13:16  Corruptor  
  193  13:17  Corruptor x4  
  199  13:36  Extractor  
  198  13:42  Spire  
  193  14:08  Ultralisk, Zergling x20  
  193  14:09  Zergling x32  
  200  14:11  Zergling x2  
  194  14:20  Corruptor  
  194  14:22  Overlord  
  194  14:23  Overlord x3  
  195  14:35  Baneling x4  
  195  14:36  Baneling x11  
Show
View Real Time Build Order
Export as new Build Order

Gambeta Terran 

Build Orders: MMM Bio 

Get SALT Encoding   

  12  0:00  SCV  
  13  0:12  SCV  
  14  0:21  Supply Depot  
  14  0:24  SCV  
  15  0:42  SCV  
  16  0:44  Barracks  
  16  0:50  Refinery  
  16  0:57  Barracks  
  16  1:00  SCV  
  17  1:12  SCV  
  18  1:24  SCV  
  19  1:27  Refinery  
  19  1:34  Reaper  
  19  1:35  Barracks  
  19  1:39  SCV  
  21  1:48  Supply Depot  
  21  1:52  Reaper  
  22  2:03  Orbital Command  
  22  2:07  Reaper  
  23  2:24  Reaper x2  
  25  2:37  SCV  
  26  2:39  Reaper  
  26  2:41  Supply Depot  
  27  2:49  SCV  
  28  2:59  Reaper  
  28  3:00  Reaper  
  28  3:01  SCV  
  31  3:13  SCV  
  31  3:17  Reaper  
  33  3:25  SCV  
  34  3:28  Command Center  
  34  3:32  Reaper  
  35  3:37  SCV  
  35  3:39  Reaper  
  37  3:43  Supply Depot  
  37  3:49  SCV  
  39  4:05  SCV  
  40  4:17  Marine x2  
  40  4:18  Barracks Tech Lab  
  40  4:19  SCV  
  40  4:20  Command Center  
  42  4:35  Marine x2  
  42  4:37  SCV  
  43  4:42  Marine  
  43  4:44  Stimpack  
  44  4:47  Orbital Command, Factory  
  44  4:49  SCV  
  45  4:56  Barracks Reactor  
  45  4:57  Marine  
  46  5:01  SCV  
  46  5:02  Engineering Bay x2  
  46  5:03  Marine  
  48  5:13  SCV  
  50  5:14  SCV  
  50  5:15  Marine  
  50  5:20  Marine  
  52  5:26  Bunker, Marine  
  52  5:28  SCV  
  54  5:31  SCV  
  56  5:35  Marine  
  56  5:38  Marine  
  56  5:39  Factory Reactor  
  56  5:40  SCV  
  58  5:42  Orbital Command  
  58  5:48  Marine  
  59  5:50  Starport  
  59  5:52  SCV  
  59  5:53  Marine  
  59  5:54  SCV  
  62  5:57  Marine  
  63  6:04  SCV  
  63  6:07  SCV  
  63  6:13  Marine x2  
  63  6:14  SCV  
  63  6:15  Marine  
  63  6:16  SCV  
  61  6:23  Barracks x2  
  61  6:24  SCV  
  62  6:30  Marine  
  62  6:32  Marine  
  65  6:35  Terran Infantry Weapons Level 1  
  65  6:36  Terran Infantry Armor Level 1  
  65  6:37  SCV  
  65  6:38  Medivac  
  67  6:40  Medivac  
  67  6:45  Combat Shields  
  69  6:51  Marine x2  
  69  6:52  SCV x2  
  69  6:54  Marine, Supply Depot  
  74  6:55  SCV  
  74  6:58  Refinery, Supply Depot  
  75  7:04  SCV  
  75  7:08  SCV  
  77  7:11  Barracks Reactor x2, Supply Depot  
  77  7:16  Marine x3, SCV  
  77  7:21  Medivac x2  
  77  7:22  SCV  
  86  7:25  SCV  
  86  7:29  Refinery  
  87  7:32  SCV  
  87  7:33  Marine x3  
  87  7:34  SCV  
  87  7:36  Factory Reactor  
  92  7:38  Supply Depot  
  92  7:40  Supply Depot  
  92  7:45  SCV  
  92  7:49  SCV, Marine x3  
  92  7:50  Marine  
  92  7:51  SCV, Marine x2  
  101  8:00  Marauder, Medivac x2  
  101  8:01  SCV  
  101  8:04  SCV  
  109  8:07  Marine x4  
  109  8:09  Marine x2  
  115  8:16  SCV  
  115  8:17  Widow Mine  
  117  8:20  Barracks  
  117  8:27  Refinery  
  117  8:43  Armory  
  117  8:45  Widow Mine  
  117  8:46  Marine x6  
  117  8:47  Marine, SCV x3  
  124  8:50  Command Center  
  124  8:54  Missile Turret  
  124  8:55  Missile Turret  
  111  8:56  Missile Turret  
  111  8:58  Widow Mine  
  111  9:00  SCV  
  114  9:03  Marine x6  
  114  9:05  Marine  
  121  9:14  SCV  
  122  9:21  Marine x3  
  125  9:24  Marine x3  
  125  9:25  Widow Mine  
  125  9:27  Command Center  
  125  9:31  Marine, Widow Mine  
  115  9:39  Terran Infantry Armor Level 2, Marine x2, Terran Infantry Weapons Level 2  
  115  9:45  Marine x4  
  120  9:47  Barracks Reactor  
  120  9:49  Marine  
  121  9:57  Marine x2  
  123  10:02  Marine x2  
  123  10:06  Marine  
  125  10:09  Marine x2  
  125  10:11  SCV  
  123  10:15  Marine x2  
  123  10:20  Marine x2  
  125  10:25  Missile Turret  
  123  10:39  Marine x9  
  131  10:44  Missile Turret  
  131  10:47  Terran Vehicle And Ship Armor Level 1  
  131  10:51  Planetary Fortress  
  131  10:56  Marine  
  132  11:13  Marine, SCV  
  132  11:30  SCV, Marine  
  132  11:31  Marine x4, Medivac x2, SCV  
  132  11:32  Marine  
  140  11:33  Marine  
  140  11:34  Marine  
  140  11:35  Marine, Widow Mine  
  133  11:49  Marine x4  
  133  11:50  Marine  
  133  11:51  Marine x2  
  133  11:53  Marine  
  138  11:58  SCV x2  
  140  12:05  SCV  
  140  12:06  Medivac, Factory Reactor  
  140  12:16  Marine  
  140  12:17  Marine  
  140  12:19  Marine  
  140  12:23  Missile Turret  
  140  12:31  SCV  
  140  12:32  Marine x2, SCV  
  140  12:33  Marine  
  140  12:34  Marine, SCV  
  140  12:36  Marine x2  
  140  12:38  Marine x2  
  140  12:39  Medivac  
  140  12:46  SCV  
  140  12:50  Marine x2  
  137  12:51  Marine x2  
  134  13:00  SCV x2  
  136  13:07  Marine x3  
  136  13:08  Marine  
  140  13:25  Supply Depot  
  140  13:27  Supply Depot x2  
  140  13:47  Marine x3, Medivac x2, SCV  
  148  13:48  Marine x5, Widow Mine x2  
  148  13:49  SCV x3  
  160  13:59  SCV  
  160  14:01  SCV x2  
  156  14:04  Marine x3  
  156  14:06  Marine x4  
  108  14:19  Marine  
  108  14:22  Marine x2  
  108  14:23  Widow Mine x2  
  115  14:24  Marine x3  
  115  14:25  Barracks Tech Lab  
  115  14:27  Starport  
  115  14:28  Barracks Tech Lab, Starport  
  115  14:29  SCV x3  
  118  14:37  Marine  
  122  14:38  SCV  
  122  14:40  Marine x2  
Tags
 
Add a new tag
Caveats
  • Supply blocks, unpowered buildings, or Contaminate may cause inaccurate times.
  • Supply counts are checked every 10 seconds.